[Event "4th ChessMates Murmansk 2020"]
[Site "Murmansk"]
[Date "2020.03.14"]
[Round "3.24"]
[White "Vetrov, Ivan"]
[Black "Shelezhonkova, Kseniya"]
[Result "1/2-1/2"]
[ECO "D37"]
[WhiteElo "1799"]
[BlackElo "1552"]
[Annotator "NA RC"]
[PlyCount "61"]
[EventDate "2020.03.13"]
[EventType "team-tourn"]
[EventCountry "RUS"]
[SourceTitle "playchess.com"]
[Source "ChessBase"]
[SourceQuality "1"]
[TimeControl "5400+30"]

1. d4 d5 2. c4 e6 3. Nc3 Nf6 4. Nf3 Nbd7 5. cxd5 exd5 6. Bg5 c6 7. e3 Be7 8. Bd3 O-O 9. Qc2 Re8 10. O-O Nf8 11. Ne5 Ne4 12. Bf4 Nxc3 13. bxc3 f6 14. Nf3 Bd6 15. Bxd6 Qxd6 16. c4 dxc4 17. Bxc4+ Be6 18. Rab1 Re7 19. Rfc1 Bxc4 20. Qxc4+ Qe6 21. a4 Qxc4 22. Rxc4 Rd8 23. Nd2 Ne6 24. Nb3 Kf7 25. g3 Ng5 26. Rb4 Rd5 27. Nc5 b6 28. Nb3 Ne4 29. Rc1 c5 30. dxc5 Nxc5 31. Nxc5 1/2-1/2

[Event "4th ChessMates Murmansk 2020"]
[Site "Murmansk"]
[Date "2020.03.14"]
[Round "3.27"]
[White "Baranov, Ivan"]
[Black "Poliato, Irina"]
[Result "0-1"]
[ECO "D37"]
[WhiteElo "1671"]
[BlackElo "1588"]
[Annotator "NA RC"]
[PlyCount "118"]
[EventDate "2020.03.13"]
[EventType "team-tourn"]
[EventCountry "RUS"]
[SourceTitle "playchess.com"]
[Source "ChessBase"]
[SourceQuality "1"]
[TimeControl "5400+30"]

1. d4 Nf6 2. c4 e6 3. Nc3 d5 4. Nf3 Be7 5. e3 O-O 6. Be2 c6 7. O-O Nbd7 8. Qc2 dxc4 9. Bxc4 b5 10. Bd3 Bb7 11. b3 a6 12. Bb2 c5 13. Qe2 Qb6 14. Rfd1 Rfd8 15. Rac1 Rac8 16. dxc5 Bxc5 17. h3 h6 18. Bb1 Bd6 19. Nd4 Bb8 20. Nf3 Ne5 21. Nxe5 Rxd1+ 22. Rxd1 Bxe5 23. Nd5 Nxd5 24. Bxe5 f6 25. Bd4 Qc6 26. f3 Kf7 27. Qd3 Ne7 28. Bb2 Qb6 29. Qd4 Qc7 30. e4 Qf4 31. Ba3 Bc6 32. Bd6 Qg5 33. Qa7 Re8 34. Qb6 Rc8 35. Qa7 Re8 36. h4 Qxh4 37. Rc1 f5 38. exf5 Bxf3 39. Qf2 Qxf2+ 40. Kxf2 Bd5 41. fxe6+ Kxe6 42. Bxe7 Rxe7 43. Kg3 Kd6 44. Rd1 Re2 45. Kh3 Ke5 46. g3 Be6+ 47. g4 h5 48. Kh4 hxg4 49. Rc1 Kf4 50. Rf1+ Ke3 51. Kg3 Bd5 52. Kxg4 Rg2+ 53. Kh4 g5+ 54. Kh5 Bf3+ 55. Kh6 g4 56. Kg5 g3 57. Kh4 Kf4 58. Rh1 Rh2+ 59. Rxh2 gxh2 0-1

[Event "4th ChessMates Murmansk 2020"]
[Site "Murmansk"]
[Date "2020.03.14"]
[Round "3.28"]
[White "Khmil, Fedor"]
[Black "Chervyakova, Tatiana"]
[Result "1/2-1/2"]
[ECO "B34"]
[WhiteElo "1470"]
[BlackElo "1489"]
[Annotator "NA RC"]
[PlyCount "49"]
[EventDate "2020.03.13"]
[EventType "team-tourn"]
[EventCountry "RUS"]
[SourceTitle "playchess.com"]
[Source "ChessBase"]
[SourceQuality "1"]
[TimeControl "5400+30"]

1. e4 c5 2. Nf3 Nc6 3. d4 cxd4 4. Nxd4 g6 5. Nc3 Bg7 6. Be3 Nf6 7. f3 O-O 8. Qd2 d5 9. O-O-O dxe4 10. Nxc6 Qxd2+ 11. Bxd2 bxc6 12. Nxe4 Nxe4 13. fxe4 Bg4 14. Re1 Rfd8 15. Ba5 Rd4 16. Bc3 Bh6+ 17. Kb1 Rd7 18. Bc4 Rad8 19. Rhf1 Be6 20. Bxe6 fxe6 21. Ba5 Rf8 22. a3 Bg7 23. Kc1 Bh6+ 24. Kb1 Bg7 25. Kc1 1/2-1/2

[Event "4th ChessMates Murmansk 2020"]
[Site "Murmansk"]
[Date "2020.03.14"]
[Round "3.29"]
[White "Filimonov, Viktor"]
[Black "Rombalskiy, Ivan"]
[Result "1-0"]
[ECO "D41"]
[WhiteElo "1481"]
[BlackElo "1298"]
[Annotator "NA RC"]
[PlyCount "99"]
[EventDate "2020.03.13"]
[EventType "team-tourn"]
[EventCountry "RUS"]
[SourceTitle "playchess.com"]
[Source "ChessBase"]
[SourceQuality "1"]
[TimeControl "5400+30"]

1. d4 d5 2. Nf3 Nf6 3. c4 e6 4. Nc3 c5 5. cxd5 Nxd5 6. e3 Be7 7. Be2 O-O 8. O-O b6 9. Qb3 Bb7 10. dxc5 Bxc5 11. Rd1 Qe7 12. a3 Nd7 13. Nxd5 Bxd5 14. Qd3 Nf6 15. b4 Bd6 16. Bb2 Rfd8 17. Nd4 Be4 18. Qb5 Rac8 19. Rac1 Bb7 20. Bf3 Nd5 21. Qe2 Qg5 22. g3 h6 23. Bg2 Bb8 24. b5 Qe7 25. Nf3 Bd6 26. a4 Bc5 27. Ne5 f6 28. Nf3 Kf7 29. Nh4 Kg8 30. Qg4 Qf7 31. Qe2 Qe7 32. Nf3 Kf7 33. Nd4 Kg8 34. Bh3 Nc7 35. Qg4 Kf7 36. Qh5+ Kg8 37. Bg2 Nd5 38. Qe2 Kf7 39. Rc4 Rd7 40. Rdc1 Qe8 41. Nb3 Bd6 42. Rxc8 Bxc8 43. Qh5+ g6 44. Qxh6 Bb7 45. Bxd5 Bxd5 46. Qh7+ Kf8 47. Qh8+ Kf7 48. Qxf6+ Kg8 49. Qh8+ Kf7 50. Qg7# 1-0

[Event "4th ChessMates Murmansk 2020"]
[Site "Murmansk"]
[Date "2020.03.14"]
[Round "3.30"]
[White "Ivashevskiy, Artem"]
[Black "Simakov, Vadim"]
[Result "1/2-1/2"]
[ECO "A16"]
[WhiteElo "1233"]
[BlackElo "1605"]
[Annotator "NA RC"]
[PlyCount "65"]
[EventDate "2020.03.13"]
[EventType "team-tourn"]
[EventCountry "RUS"]
[SourceTitle "playchess.com"]
[Source "ChessBase"]
[SourceQuality "1"]
[TimeControl "5400+30"]

1. c4 Nf6 2. Nc3 d6 3. Nf3 g6 4. g3 Bg7 5. Bg2 Nbd7 6. O-O O-O 7. d4 Re8 8. Qc2 e5 9. dxe5 Nxe5 10. Nxe5 dxe5 11. Rd1 Qe7 12. Bg5 c6 13. Ne4 Bf5 14. Bxf6 Bxf6 15. Nxf6+ Qxf6 16. Be4 Bxe4 17. Qxe4 Rad8 18. Qc2 h5 19. Rxd8 Rxd8 20. Rd1 Rxd1+ 21. Qxd1 Qe7 22. Qb3 Kg7 23. Qe3 b6 24. Qc3 Qd6 25. Kg2 f5 26. h4 Kf6 27. Qe3 c5 28. Qh6 e4 29. Qh8+ Ke6 30. Qe8+ Kf6 31. Qh8+ Ke6 32. Qe8+ Kf6 33. Qh8+ {[%emt 0:00:10] Ke5} 1/2-1/2

[Event "4th ChessMates Murmansk 2020"]
[Site "Murmansk"]
[Date "2020.03.14"]
[Round "4.4"]
[White "Vetrov, Ivan"]
[Black "Nikitin, Arseni EST"]
[Result "1/2-1/2"]
[ECO "D12"]
[WhiteElo "1799"]
[BlackElo "1680"]
[Annotator "NA RC"]
[PlyCount "30"]
[EventDate "2020.03.13"]
[EventType "team-tourn"]
[EventCountry "RUS"]
[SourceTitle "playchess.com"]
[Source "ChessBase"]
[SourceQuality "1"]
[TimeControl "5400+30"]

1. d4 d5 2. c4 c6 3. Nf3 Nf6 4. e3 Bf5 5. Be2 h6 6. Qb3 Qc7 7. O-O e6 8. Bd2 Nbd7 9. Bb4 Qb6 10. Bxf8 Qxb3 11. axb3 Rxf8 12. Nc3 Ke7 13. cxd5 exd5 14. b4 a6 15. Na4 Rab8 1/2-1/2

[Event "4th ChessMates Murmansk 2020"]
[Site "Murmansk"]
[Date "2020.03.14"]
[Round "4.7"]
[White "Blokhin, Sofia"]
[Black "Poliato, Irina"]
[Result "1-0"]
[ECO "B58"]
[WhiteElo "1854"]
[BlackElo "1588"]
[Annotator "NA RC"]
[PlyCount "77"]
[EventDate "2020.03.13"]
[EventType "team-tourn"]
[EventCountry "RUS"]
[SourceTitle "playchess.com"]
[Source "ChessBase"]
[SourceQuality "1"]
[TimeControl "5400+30"]

1. e4 c5 2. Nf3 Nc6 3. d4 cxd4 4. Nxd4 Nf6 5. Nc3 d6 6. Be2 a6 7. Be3 e6 8. Qd2 Bd7 9. f3 Be7 10. O-O-O O-O 11. g4 {[%emt 0:00:22] B80: Sicilian Scheveningen: 6 g3 and 6 Be3, including English Attack.} Rc8 12. h4 b5 13. h5 {[%emt 0:02:03] [#]} ({White should play} 13. a3 $14) 13... Ne5 $146 (13... b4 $11 {keeps the balance.} 14. Nb1 Nxd4 15. Qxd4 Qc7) ({Predecessor:} 13... Na5 14. g5 Ne8 15. g6 h6 16. Bxh6 gxh6 17. Qxh6 Bg5+ 18. Qxg5 Qxg5+ 19. Rd2 fxg6 20. hxg6 Qxg6 {0-1 (66) Ramp,O-Paeschke,A Torgelow 1998}) 14. g5 Ne8 (14... b4 $14 15. Nb1 Ne8) 15. f4 Nc4 16. Bxc4 Rxc4 17. g6 Nf6 18. Qg2 ({White should try} 18. e5 $16) 18... b4 19. gxh7+ $1 Kxh7 20. Nb1 ({White should try} 20. Rdg1 $16 Rg8 21. Nf3) 20... Qc8 $2 (20... e5 $1 $11 21. Nd2 exd4 22. Nxc4 dxe3) 21. Rdg1 Rg8 22. Nd2 Rc5 (22... Rc7 {was called for.} 23. Qg6+ Kh8 24. Qxf7 Be8 25. Qxe6 Rxc2+ 26. Kb1 Qxe6 27. Nxe6 Rxd2) 23. N2f3 Kh8 24. Ng5 ({Less strong is} 24. h6 g6 $16) 24... Qe8 25. Ndf3 Rc4 26. Nh4 Rf8 {[%emt 0:06:24] [#]} 27. Nxe6 $1 {[%emt 0:03:22] Double Attack, Discovered Attack} Rg8 {[%emt 0:01:06] [#]} 28. Ng6+ $1 Kh7 29. Ng5+ Kh6 30. f5 d5 31. Nxf7+ {[%emt 0:01:10] Discovered Attack (Double check)} Kh7 32. Ng5+ Kh6 33. Ne6+ Kh7 34. h6 Bxe6 35. fxe6 Rxe4 {[%emt 0:01:16] [#]} 36. Nf8+ $1 {[%emt 0:01:46] Promotion} Bxf8 37. hxg7+ Nh5 38. gxf8=N+ Rxf8 39. Qg7# 1-0

[Event "4th ChessMates Murmansk 2020"]
[Site "Murmansk"]
[Date "2020.03.14"]
[Round "4.8"]
[White "Khmil, Fedor"]
[Black "Smirnova, Jekaterina"]
[Result "1/2-1/2"]
[ECO "B46"]
[WhiteElo "1470"]
[BlackElo "1439"]
[Annotator "NA RC"]
[PlyCount "55"]
[EventDate "2020.03.13"]
[EventType "team-tourn"]
[EventCountry "RUS"]
[SourceTitle "playchess.com"]
[Source "ChessBase"]
[SourceQuality "1"]
[TimeControl "5400+30"]

1. e4 c5 2. Nf3 e6 3. d4 cxd4 4. Nxd4 a6 5. Nc3 Nc6 6. Be3 Bb4 7. Be2 Nf6 8. f3 O-O 9. O-O d5 10. exd5 Nxd5 11. Nxd5 exd5 12. Kh1 Re8 13. Bf2 Bd6 14. c3 Nxd4 15. cxd4 Bf5 16. Bd3 Bxd3 17. Qxd3 Bf4 18. Rfe1 Qd7 19. g3 Bd6 20. Kg2 Rac8 21. Rac1 g6 22. Qb3 Bf8 23. Rxc8 Rxc8 24. Re5 Rd8 25. Re2 Rc8 26. Re5 Rd8 27. Re2 Rc8 28. Re5 1/2-1/2

[Event "4th ChessMates Murmansk 2020"]
[Site "Murmansk"]
[Date "2020.03.14"]
[Round "4.9"]
[White "Mertins, Ostap"]
[Black "Rombalskiy, Ivan"]
[Result "1-0"]
[ECO "B01"]
[WhiteElo "1375"]
[BlackElo "1298"]
[Annotator "NA RC"]
[PlyCount "104"]
[EventDate "2020.03.13"]
[EventType "team-tourn"]
[EventCountry "RUS"]
[SourceTitle "playchess.com"]
[Source "ChessBase"]
[SourceQuality "1"]
[TimeControl "5400+30"]

1. e4 d5 2. exd5 Qxd5 3. Nc3 Qa5 4. Bc4 Nf6 5. d3 c6 6. Bd2 Qc7 7. h3 Bf5 8. Nf3 e6 9. O-O Bd6 10. Re1 O-O 11. Nd4 Bg6 12. Bxe6 fxe6 13. Nxe6 Qb6 14. Nxf8 Bxf8 15. b3 Nbd7 16. Ne4 Nxe4 17. dxe4 Nf6 18. e5 Ne4 19. Be3 Bc5 20. Qe2 Kh8 21. c4 Rf8 22. Bxc5 Qxc5 23. Qe3 Kg8 24. Qxc5 Nxc5 25. Rad1 Nd3 26. Re2 Re8 27. Re3 Nc5 28. g4 a5 29. f4 Be4 30. Rde1 Bc2 31. R1e2 Bd3 32. Rd2 Be4 33. a3 Bb1 34. b4 axb4 35. axb4 Na4 36. Re1 Nc3 37. Rc1 Ne4 38. Rd4 Ng3 39. Kf2 Ne4+ 40. Ke3 c5 41. bxc5 Nxc5 42. Rxb1 Ra8 43. Ke2 Ra2+ 44. Rd2 Ra3 45. Rb5 Ne4 46. Rd8+ Kf7 47. Rxb7+ Kg6 48. Rb6+ Kf7 49. e6+ Kf6 50. Rf8+ Kg6 51. e7+ Nf6 52. e8=Q+ Kh6 1-0

[Event "4th ChessMates Murmansk 2020"]
[Site "Murmansk"]
[Date "2020.03.14"]
[Round "4.16"]
[White "Shilnikov, Anton"]
[Black "Kien, Clovis"]
[Result "0-1"]
[ECO "B20"]
[WhiteElo "1769"]
[BlackElo "1765"]
[Annotator "NA RC"]
[PlyCount "68"]
[EventDate "2020.03.13"]
[EventType "team-tourn"]
[EventCountry "RUS"]
[SourceTitle "playchess.com"]
[Source "ChessBase"]
[SourceQuality "1"]
[TimeControl "5400+30"]

1. e4 c5 2. a3 g6 3. b4 Bg7 4. c3 d6 5. Nf3 e6 6. bxc5 dxc5 7. Bc4 Nc6 8. O-O Nge7 9. Re1 Qc7 10. d3 O-O 11. Be3 b6 12. Qc1 Rd8 13. Rd1 Na5 14. Ba2 Ba6 15. d4 Be2 16. Bf4 Qb7 17. e5 Bxd1 18. Qxd1 cxd4 19. cxd4 Rac8 20. Nbd2 Nf5 21. Bg5 Rd7 22. Nf1 Nxd4 23. Nxd4 Bxe5 24. Qg4 Rxd4 25. Qh3 Nc4 26. Re1 Bg7 27. Ng3 Qd5 28. Be3 Rd1 29. Rf1 Qd3 30. Bxc4 Rxc4 31. Rxd1 Qxd1+ 32. Nf1 Qg4 33. Nd2 Rc1+ 34. Nf1 Qxh3 0-1

[Event "4th ChessMates Murmansk 2020"]
[Site "Murmansk"]
[Date "2020.03.14"]
[Round "4.18"]
[White "Chervyakova, Tatiana"]
[Black "Fougerat, Emma"]
[Result "1-0"]
[ECO "B20"]
[WhiteElo "1489"]
[BlackElo "1668"]
[Annotator "NA RC"]
[PlyCount "121"]
[EventDate "2020.03.13"]
[EventType "team-tourn"]
[EventCountry "RUS"]
[SourceTitle "playchess.com"]
[Source "ChessBase"]
[SourceQuality "1"]
[TimeControl "5400+30"]

1. e4 c5 2. d3 d6 3. Be2 Nf6 4. f4 g6 5. Nf3 Bg7 6. O-O O-O 7. c3 Nc6 8. Kh1 b5 9. Be3 b4 10. Qc2 Bb7 11. Nbd2 a5 12. a4 Qc7 13. d4 cxd4 14. cxd4 Rfc8 15. Qb3 Qd7 16. d5 Nb8 17. Bb5 Qc7 18. Nc4 Nbd7 19. Qd3 Nc5 20. Bxc5 Qxc5 21. Nfd2 Qc7 22. Rac1 h5 23. Nb3 Qd8 24. Nd4 Kf8 25. Nc6 Qc7 26. Nd4 Kg8 27. Rc2 Qd8 28. Rfc1 Ng4 29. h3 Nf6 30. Nc6 Bxc6 31. Bxc6 Rab8 32. Kh2 Nd7 33. Bxd7 Rxc4 34. Qxc4 Qxd7 35. Qc6 Qa7 36. Qc7 Qxc7 37. Rxc7 Bxb2 38. Rc8+ Rxc8 39. Rxc8+ Kg7 40. Ra8 Bc3 41. Rxa5 b3 42. Rb5 b2 43. a5 Bxa5 44. Rxb2 Bc3 45. Rc2 Bf6 46. Re2 e5 47. dxe6 fxe6 48. Rd2 Be7 49. g4 hxg4 50. hxg4 e5 51. fxe5 dxe5 52. Kg3 Bg5 53. Rf2 Bf4+ 54. Rxf4 exf4+ 55. Kxf4 Kf7 56. Kg5 Kg7 57. e5 Kf7 58. e6+ Kxe6 59. Kxg6 Ke7 60. Kg7 Ke6 61. g5 1-0

[Event "4th ChessMates Murmansk 2020"]
[Site "Murmansk"]
[Date "2020.03.14"]
[Round "4.19"]
[White "Matsumura, Cocoro"]
[Black "Filimonov, Viktor"]
[Result "1-0"]
[ECO "B12"]
[WhiteElo "1896"]
[BlackElo "1481"]
[Annotator "NA RC"]
[PlyCount "118"]
[EventDate "2020.03.13"]
[EventType "team-tourn"]
[EventCountry "RUS"]
[SourceTitle "playchess.com"]
[Source "ChessBase"]
[SourceQuality "1"]
[TimeControl "5400+30"]

1. e4 c6 2. d4 d5 3. e5 c5 4. dxc5 e6 5. c4 Bxc5 6. cxd5 {[%emt 0:02:04] B12: Caro-Kann: Advance Variation.} exd5 7. Nf3 Nc6 8. Bd3 Nge7 9. O-O Bg4 {[%emt 0:01:49] [#]} 10. Re1 $146 (10. Nc3 $15) ({Predecessor:} 10. Bf4 Bd4 11. Nbd2 Bxe5 12. Qa4 Bxf4 13. Qxf4 Bxf3 14. Nxf3 h6 15. Rfe1 O-O 16. b4 {0-1 (52) Portmann,D (2090)-Siegel,G (2475) Graechen 1999}) 10... Qb6 11. Be3 Bxe3 12. Rxe3 O-O-O ({But not} 12... Qxb2 $6 13. Nbd2 $11) (12... Bxf3 $17 13. Rxf3 Qxb2) 13. Nbd2 Ng6 14. Qa4 (14. Bxg6 $14 hxg6 15. h3 Bxf3 16. Nxf3) 14... Bd7 15. Rc1 Kb8 $1 16. Qa3 Qb4 (16... Be6 $11) 17. Qxb4 Nxb4 18. Bb1 (18. Bxg6 $5 hxg6 19. a3 $11) 18... Rc8 19. Nb3 Rxc1+ 20. Nxc1 Rc8 21. Re1 Nf4 22. g3 {[%emt 0:01:53] [#]} Rxc1 $1 23. gxf4 Rc4 24. f5 Bxf5 25. Bxf5 Rf4 26. Bxh7 Rxf3 27. a3 Nc6 28. Bb1 d4 29. Kg2 Rb3 30. Ba2 Rxb2 31. Bxf7 Kc7 32. Kf3 (32. Bd5 $11) 32... Kd8 ({Better is} 32... d3 $17 33. Bd5 d2) 33. Bd5 Ke7 34. Bxc6 bxc6 35. Rg1 Kf8 36. Ke4 (36. Rc1 $14) 36... c5 37. f4 Rxh2 38. Rc1 Re2+ 39. Kf5 Kf7 40. Rxc5 g6+ 41. Kg4 d3 (41... Ke6 $11 {keeps the balance.}) 42. Rc7+ (42. Rd5 $16) 42... Ke6 43. Rxa7 Re1 44. Ra6+ Kf7 (44... Kd5 $11 {remains equal.}) 45. Rd6 Rd1 46. Kf3 d2 47. Ke2 $11 (47. Ke3 $16) 47... Ra1 48. Rxd2 Rxa3 49. Rd3 Ra6 50. Kf3 Ra1 51. Ke4 Rf1 52. Rd4 Ke6 53. Rd6+ Kf7 54. Rf6+ Kg7 55. Kd5 Ra1 56. Rc6 Ra7 57. Kd6 Ra1 58. Kd7 Kf7 59. e6+ Kg7 1-0

[Event "4th ChessMates Murmansk 2020"]
[Site "Murmansk"]
[Date "2020.03.14"]
[Round "4.20"]
[White "Simakov, Vadim"]
[Black "Ider, Bayar"]
[Result "0-1"]
[ECO "B22"]
[WhiteElo "1605"]
[BlackElo "1730"]
[Annotator "NA RC"]
[PlyCount "98"]
[EventDate "2020.03.13"]
[EventType "team-tourn"]
[EventCountry "RUS"]
[SourceTitle "playchess.com"]
[Source "ChessBase"]
[SourceQuality "1"]
[TimeControl "5400+30"]

1. e4 c5 2. c3 d5 3. exd5 Qxd5 4. d4 Nf6 5. Nf3 Nc6 6. Be2 e6 7. O-O cxd4 8. cxd4 Be7 9. Nc3 Qd8 10. Bf4 a6 11. h3 O-O 12. Rc1 Nb4 13. a3 Nbd5 14. Nxd5 Nxd5 15. Bg3 b5 16. Bd3 Bb7 17. Qe2 Bd6 18. Qe4 g6 19. Be5 Bxe5 20. dxe5 Qe7 21. Qg4 f5 22. exf6 Nxf6 23. Qg5 Bxf3 24. gxf3 Qg7 25. Rc6 Nd5 26. Be4 Nf4 27. Kh2 Rae8 28. b4 h6 29. Qg4 g5 30. Rc5 Rc8 31. Rfc1 Rxc5 32. Rxc5 Qd4 33. Qg1 Ne2 34. Qe1 Nf4 35. Qe3 Qd6 36. Rc6 Qb8 37. Rb6 Qc7 38. Rb7 Qd6 39. Bh7+ Kh8 40. Qc3+ e5 41. Be4 Qe6 42. Rh7+ Kg8 43. Bd5 Nxd5 44. Qc2 Nf4 45. Rxh6 Qxh6 46. Qf5 Rxf5 47. h4 Qxh4+ 48. Kg1 Nh3+ 49. Kf1 Qxf2# 0-1

[Event "4th ChessMates Murmansk 2020"]
[Site "Murmansk"]
[Date "2020.03.14"]
[Round "4.24"]
[White "Mamoshin, Oleg"]
[Black "Timoshenko, Fedor"]
[Result "1-0"]
[ECO "C65"]
[WhiteElo "1648"]
[BlackElo "1621"]
[Annotator "NA RC"]
[PlyCount "57"]
[EventDate "2020.03.13"]
[EventType "team-tourn"]
[EventCountry "RUS"]
[SourceTitle "playchess.com"]
[Source "ChessBase"]
[SourceQuality "1"]
[TimeControl "5400+30"]

1. e4 e5 2. Nf3 Nc6 3. Bb5 Nf6 4. d3 Be7 5. Bxc6 dxc6 6. Nxe5 O-O 7. O-O Re8 8. Nf3 Bg4 9. h3 Bh5 10. Bf4 Qd7 11. Nbd2 Rad8 12. Re1 Bb4 13. c3 Bc5 14. d4 Bb6 15. Bg5 Rc8 16. Bxf6 gxf6 17. Nc4 Kh8 18. Nxb6 axb6 19. Qd3 Rg8 20. Kh2 Qd6+ 21. Kh1 Rcd8 22. Qe3 Rde8 23. Nh4 Qd7 24. Qf4 Re6 25. Re3 Rg5 26. Nf5 Qd8 27. g4 Bg6 28. h4 Bxf5 29. gxf5 1-0

[Event "4th ChessMates Murmansk 2020"]
[Site "Murmansk"]
[Date "2020.03.14"]
[Round "4.25"]
[White "Putar, Lara"]
[Black "Khripachenko, Alexander"]
[Result "1-0"]
[ECO "D77"]
[WhiteElo "1799"]
[BlackElo "1773"]
[Annotator "NA RC"]
[PlyCount "55"]
[EventDate "2020.03.13"]
[EventType "team-tourn"]
[EventCountry "RUS"]
[SourceTitle "playchess.com"]
[Source "ChessBase"]
[SourceQuality "1"]
[TimeControl "5400+30"]

1. d4 Nf6 2. c4 g6 3. Nf3 Bg7 4. g3 d5 5. Bg2 O-O 6. O-O dxc4 7. Na3 c3 8. bxc3 c5 9. Rb1 Nc6 10. Nc2 Qa5 11. d5 Rd8 12. c4 Qxa2 13. Ra1 Qxc4 14. Nd2 Qc3 15. dxc6 Bf5 16. cxb7 Rab8 17. e4 Be6 18. Ra3 Qe5 19. Rxa7 c4 20. Nf3 Qc7 21. Bf4 Qb6 22. Be3 Qc7 23. Qb1 Nd7 24. Bf4 Ne5 25. Nxe5 Bxe5 26. Be3 Qd6 27. Bb6 Rd7 28. Be3 1-0

[Event "4th ChessMates Murmansk 2020"]
[Site "Murmansk"]
[Date "2020.03.14"]
[Round "4.26"]
[White "Morar, Kirill"]
[Black "Solovyev, Vladislav B."]
[Result "1-0"]
[ECO "C77"]
[WhiteElo "1271"]
[BlackElo "1410"]
[Annotator "NA RC"]
[PlyCount "105"]
[EventDate "2020.03.13"]
[EventType "team-tourn"]
[EventCountry "RUS"]
[SourceTitle "playchess.com"]
[Source "ChessBase"]
[SourceQuality "1"]
[TimeControl "5400+30"]

1. e4 e5 2. Nf3 Nc6 3. Bb5 a6 4. Ba4 Nf6 5. d3 b5 6. Bb3 d6 7. O-O Be7 8. h3 Na5 9. c3 Nxb3 10. Qxb3 Be6 11. Qc2 O-O 12. d4 exd4 13. Nxd4 c5 14. Nc6 Qc7 15. Nxe7+ Qxe7 16. Bg5 Bd7 17. Nd2 h6 18. Bh4 Rfe8 19. Rfe1 Qe6 20. Bxf6 Qxf6 21. Rad1 Qg6 22. Qd3 d5 23. Nf1 Rxe4 24. Rxe4 Bf5 25. Ng3 Bxe4 26. Nxe4 Qxe4 27. Qxd5 Qxd5 28. Rxd5 c4 29. Kf1 Kf8 30. Rd7 Re8 31. Rd6 Re6 32. Rxe6 fxe6 33. Ke2 Ke7 34. Ke3 Kd6 35. Ke4 a5 36. a3 g6 37. f4 g5 38. g3 gxf4 39. gxf4 h5 40. h4 a4 41. Kd4 Kc6 42. Ke5 Kd7 43. Kf6 Kd6 44. Kg5 Kd5 45. Kxh5 Ke4 46. Kg5 Kd3 47. h5 Kc2 48. h6 Kxb2 49. h7 Kxa3 50. h8=Q Kb3 51. Qb8 a3 52. Qxb5+ Kxc3 53. Qa4 1-0

[Event "4th ChessMates Murmansk 2020"]
[Site "Murmansk"]
[Date "2020.03.14"]
[Round "4.27"]
[White "Iarovoi, Dmitrii"]
[Black "Abbasov, Aziz"]
[Result "1/2-1/2"]
[ECO "D02"]
[WhiteElo "1346"]
[BlackElo "1478"]
[Annotator "NA RC"]
[PlyCount "34"]
[EventDate "2020.03.13"]
[EventType "team-tourn"]
[EventCountry "RUS"]
[SourceTitle "playchess.com"]
[Source "ChessBase"]
[SourceQuality "1"]
[TimeControl "5400+30"]

1. d4 Nf6 2. Nf3 d5 3. Bf4 c6 4. e3 e6 5. Nbd2 Bd6 6. Bxd6 Qxd6 7. c4 O-O 8. Qc2 b6 9. Be2 Bb7 10. cxd5 cxd5 11. O-O Nbd7 12. h3 Rfc8 13. Qb1 Rc7 14. Rc1 Rxc1+ 15. Qxc1 Rc8 16. Qd1 Qc6 17. Qb3 h6 1/2-1/2

[Event "4th ChessMates Murmansk 2020"]
[Site "Murmansk"]
[Date "2020.03.14"]
[Round "4.28"]
[White "Khon, Ilya"]
[Black "Pereverzev, Valerii"]
[Result "0-1"]
[ECO "B80"]
[WhiteElo "1223"]
[BlackElo "1379"]
[Annotator "NA RC"]
[PlyCount "88"]
[EventDate "2020.03.13"]
[EventType "team-tourn"]
[EventCountry "RUS"]
[SourceTitle "playchess.com"]
[Source "ChessBase"]
[SourceQuality "1"]
[TimeControl "5400+30"]

1. e4 c5 2. Nf3 e6 3. d4 cxd4 4. Nxd4 Nf6 5. Nc3 d6 6. Bd3 a6 7. a4 Be7 8. O-O Qc7 9. Bd2 Nc6 10. Kh1 Nxd4 11. Be3 Nc6 12. a5 Nxa5 13. Na4 Nc6 14. Nb6 Rb8 15. Qe1 Nd7 16. Nxd7 Bxd7 17. f4 Bf6 18. c3 O-O 19. Qf2 Rbc8 20. Bb6 Qb8 21. Qg3 g6 22. f5 exf5 23. exf5 Ne5 24. fxg6 fxg6 25. Bd4 Bg7 26. Bc2 Rxf1+ 27. Rxf1 Rf8 28. Re1 Be6 29. Bxe5 dxe5 30. h3 Rf7 31. Rc1 Qf8 32. Bd3 Rf2 33. b4 Qf4 34. Qxf4 Rxf4 35. Re1 Bc4 36. Bxc4+ Rxc4 37. Rd1 Rc7 38. c4 e4 39. c5 Bc3 40. Rd8+ Kg7 41. Re8 Bxb4 42. Rxe4 Bxc5 43. Rc4 Bd6 44. Rd4 Rc1+ 0-1

[Event "4th ChessMates Murmansk 2020"]
[Site "Murmansk"]
[Date "2020.03.14"]
[Round "4.30"]
[White "Zaytsev, Egor"]
[Black "Bueckert, Lucy"]
[Result "1-0"]
[ECO "B01"]
[WhiteElo "1871"]
[BlackElo "1302"]
[Annotator "NA RC"]
[PlyCount "61"]
[EventDate "2020.03.13"]
[EventType "team-tourn"]
[EventCountry "RUS"]
[SourceTitle "playchess.com"]
[Source "ChessBase"]
[SourceQuality "1"]
[TimeControl "5400+30"]

1. e4 d5 2. exd5 Nf6 3. d4 Bg4 4. Nf3 Nxd5 5. Be2 e6 6. O-O c5 7. c4 {[%emt 0:02:04] B01: Scandinavian Defence.} Nf6 8. h3 {[%emt 0:07:34] [#]} Bf5 $146 ({Predecessor:} 8... Bh5 9. Be3 Nc6 10. dxc5 b6 11. cxb6 axb6 12. Nc3 Bb4 13. Qc2 O-O 14. Rfd1 Qc7 15. a3 {0-1 (31) Horvath,D (1610)-Rohrleitner,N (1318) Linz 2013}) 9. Nc3 Nc6 (9... Be7 $16) 10. d5 exd5 $2 (10... Nd4 11. Nxd4 cxd4) 11. cxd5 Nb4 $2 (11... Nxd5 12. Nxd5 Qd7) 12. Bb5+ Bd7 13. Re1+ Be7 14. d6 Bxb5 15. Nxb5 Nbd5 16. dxe7 Nxe7 17. Bf4 O-O 18. Qxd8 Rfxd8 19. Rxe7 Nd5 20. Re4 a6 21. Nc7 Nxc7 22. Bxc7 Rd7 23. Rae1 f5 24. Re7 Rxe7 25. Rxe7 Rc8 26. Ng5 h6 27. Ne6 g6 28. Be5 Rc6 29. Rg7+ {[%emt 0:00:04] Double Attack} Kh8 30. Rxg6+ {[%emt 0:00:02] Discovered Attack} Kh7 31. Nf8# 1-0

[Event "4th ChessMates Murmansk 2020"]
[Site "Murmansk"]
[Date "2020.03.15"]
[Round "5.4"]
[White "Nikitin, Arseni EST"]
[Black "Mamoshin, Oleg"]
[Result "1/2-1/2"]
[ECO "B30"]
[WhiteElo "1680"]
[BlackElo "1648"]
[Annotator "NA RC"]
[PlyCount "61"]
[EventDate "2020.03.13"]
[EventType "team-tourn"]
[EventCountry "RUS"]
[SourceTitle "playchess.com"]
[Source "ChessBase"]
[SourceQuality "1"]
[TimeControl "5400+30"]

1. e4 c5 2. Nf3 Nc6 3. Bb5 e6 4. O-O Qb6 5. Bxc6 Qxc6 6. Re1 Nf6 7. e5 Nd5 8. d4 c4 9. c3 Be7 10. Nbd2 b5 11. Ne4 Bb7 12. Nfg5 h6 13. Nh3 O-O-O 14. f3 f5 15. exf6 Nxf6 16. Nf4 Nxe4 17. fxe4 Bf6 18. a4 a6 19. axb5 axb5 20. Qe2 g5 21. Nh5 Be7 22. Bd2 Rhf8 23. Rab1 Rf7 24. Ng3 Rdf8 25. Rf1 d5 26. e5 Rxf1+ 27. Rxf1 Rxf1+ 28. Qxf1 Qe8 29. Qf3 Bc6 30. Nh5 Qg6 31. Qd1 1/2-1/2